Map: Site Delta LE

Players

metralha

  • Race: Terran Terran
  • League: Diamond
  • Spawn Location: 11:00

SubN - Winner!

  • Race: Zerg Zerg
  • League: Diamond
  • Spawn Location: 5:00

VOD

Have the link to the VOD?

Description

Time

  • Played on: Dec. 17, 2023, 2:10 p.m.
  • Length: 15:25
Show
View Real Time Build Order
Export as new Build Order

metralha Terran 

Build Orders: Command Center First 

Get SALT Encoding   

  12  0:00  SCV  
  13  0:12  SCV  
  14  0:22  Supply Depot  
  14  0:27  SCV  
  15  0:31  Refinery  
  15  0:43  SCV  
  16  0:55  SCV  
  17  1:13  SCV  
  17  1:15  Command Center  
  18  1:27  Barracks  
  18  1:28  SCV  
  19  1:41  Barracks  
  19  1:44  SCV  
  20  1:57  Barracks  
  20  1:58  SCV  
  21  2:10  SCV  
  22  2:15  Barracks Tech Lab  
  22  2:18  Supply Depot  
  22  2:23  SCV  
  24  2:32  Barracks Reactor  
  24  2:35  Stimpack, SCV  
  24  2:37  Marine  
  25  2:44  Marine  
  25  2:54  Marine  
  26  3:02  Marine  
  27  3:12  Marine  
  27  3:13  Factory  
  27  3:16  Marine  
  29  3:20  Marine  
  29  3:24  Refinery, Marine  
  31  3:30  Marine  
  32  3:38  Marine  
  32  3:39  Supply Depot  
  33  3:41  Marine  
  33  3:42  Marine  
  35  3:56  Marine x2  
  33  4:07  Marine x2, SCV  
  33  4:10  Orbital Command  
  33  4:14  Factory Tech Lab  
  33  4:19  SCV  
  34  4:29  Marine  
  34  4:30  Marine x3  
  38  4:31  SCV  
  39  4:43  SCV  
  40  4:47  Marine x3  
  40  4:48  SCV  
  44  4:53  Siege Tank  
  44  4:56  SCV  
  48  5:00  SCV  
  48  5:04  Marine  
  48  5:05  Marine  
  51  5:08  SCV  
  51  5:10  Marine x2  
  54  5:31  Engineering Bay  
  54  5:56  Supply Depot  
  54  6:14  Marine  
  54  6:15  Marine  
  54  6:16  Marine  
  54  6:17  Marine, Siege Tank, SCV  
  55  6:19  Supply Depot  
  53  6:32  Marine  
  51  6:33  Marine x2  
  51  6:35  Marine  
  51  6:45  SCV x2  
  53  6:47  Refinery  
  53  6:49  Refinery  
  53  6:50  Marine, Siege Tank  
  53  6:51  Marine x2  
  53  6:53  Marine  
  60  6:54  Starport  
  60  7:07  Marine  
  61  7:08  Marine  
  61  7:09  Marine  
  61  7:10  Marine  
  64  7:21  Orbital Command  
  64  7:24  SCV  
  64  7:25  Marine  
  64  7:26  Marine  
  64  7:27  Marine  
  64  7:28  Marine  
  69  7:31  Command Center  
  69  7:36  SCV  
  70  7:54  Marine  
  70  7:57  SCV  
  70  7:58  Marine  
  70  7:59  Marine x2  
  70  8:00  Siege Tank  
  65  8:09  SCV  
  65  8:12  Marine, SCV  
  68  8:13  Starport Tech Lab  
  68  8:16  Fusion Core, Marine  
  68  8:17  Marine  
  68  8:18  Marine  
  70  8:31  Terran Infantry Weapons Level 1  
  70  8:51  Command Center  
  70  8:53  Armory  
  70  9:10  Supply Depot  
  70  9:13  Marine, Battlecruiser, SCV  
  70  9:14  Marine x3  
  70  9:15  Siege Tank, SCV  
  85  9:25  SCV  
  86  9:31  Marine  
  86  9:32  Marine x3, SCV  
  86  9:34  Supply Depot x2  
  91  9:44  SCV  
  92  9:49  Marine  
  92  9:50  Marine  
  94  9:55  Marine x2, Siege Tank  
  94  9:57  Supply Depot  
  99  10:07  Marine  
  99  10:08  Marine  
  99  10:13  Marine x2  
  97  10:18  Battlecruiser  
  89  10:25  Marine  
  89  10:26  Terran Infantry Armor Level 1, Marine  
  91  10:29  Siege Tank  
  91  10:30  Marine x2  
  96  10:45  Orbital Command  
  96  10:47  SCV  
  96  10:48  SCV  
  98  10:59  SCV  
  98  11:00  SCV  
  98  11:01  Weapon Refit, Siege Tank  
  103  11:08  Supply Depot  
  103  11:09  Terran Vehicle And Ship Armor Level 1  
  103  11:12  SCV x2  
  103  11:14  SCV  
  106  11:24  Supply Depot, Marine, SCV x2  
  109  11:26  Supply Depot  
  109  11:31  Supply Depot  
  109  11:32  Refinery  
  104  11:34  Marine x3, Siege Tank  
  109  11:42  Marine  
  110  11:49  Supply Depot  
  110  11:51  Marine  
  110  11:52  Marine  
  110  11:53  Supply Depot, Marine  
  113  12:00  Marine  
  114  12:09  Marine  
  114  12:10  SCV x2  
  114  12:11  SCV  
  114  12:12  Supply Depot, Marine x2  
  120  12:15  Supply Depot  
  120  12:18  Marine  
  122  12:22  SCV  
  122  12:23  Barracks, SCV  
  122  12:24  Barracks  
  122  12:27  Marine  
  124  12:30  Marine x2  
  124  12:36  Marine  
  127  12:43  Missile Turret x2  
  127  12:45  Marine  
  127  12:47  Missile Turret  
  127  12:48  Marine x2  
  127  12:49  Missile Turret  
  130  12:53  Missile Turret  
  130  12:54  Liberator  
  133  12:58  Marine  
  133  13:03  Marine  
  133  13:04  Terran Ship Weapons Level 1  
  135  13:05  Marine  
  135  13:06  Marine  
  122  13:22  Marine x4  
  126  13:37  Liberator  
  126  13:38  Command Center  
  129  13:43  Marine x3  
  115  14:18  Marine  
  115  14:19  Marine x3  
  115  14:20  Battlecruiser  
  115  14:22  Marine x2  
  99  14:32  Missile Turret  
  99  14:36  Marine x3  
  99  14:37  Marine  
  103  14:40  Marine x2  
  103  14:43  Barracks  
  103  14:45  Barracks  
  99  14:54  Marine x4  
  99  14:58  Marine x2  
Show
View Real Time Build Order
Export as new Build Order

SubN Zerg - Winner!

Build Orders: Pool First 

Get SALT Encoding   

  12  0:00  Drone  
  13  0:09  Drone  
  14  0:14  Extractor  
  13  0:31  Spawning Pool  
  12  0:57  Hatchery  
  11  1:17  Queen  
  13  1:38  Metabolic Boost  
  13  1:40  Overlord  
  13  1:48  Zergling x2  
  14  1:59  Zergling x4  
  16  2:03  Zergling x2  
  17  2:10  Zergling x2  
  17  2:12  Queen  
  20  2:18  Zergling x2  
  21  2:23  Zergling x2  
  22  2:31  Zergling x2  
  22  2:32  Zergling x2  
  24  2:42  Overlord  
  23  3:07  Drone  
  23  3:08  Drone x4  
  23  3:11  Drone  
  29  3:24  Drone x3  
  31  3:48  Hatchery  
  26  4:09  Drone x9  
  32  4:12  Drone  
  32  4:15  Drone  
  34  4:22  Overlord  
  34  4:27  Overlord  
  34  4:33  Drone  
  35  4:40  Queen x2  
  35  4:45  Overlord  
  39  4:48  Overlord  
  39  4:51  Overlord  
  39  4:57  Drone x3  
  42  5:03  Drone  
  43  5:08  Drone x3  
  43  5:09  Baneling Nest  
  43  5:13  Queen  
  47  5:28  Drone x4  
  50  5:31  Extractor  
  50  5:34  Lair, Extractor  
  49  5:37  Extractor  
  49  5:39  Zergling x12  
  54  5:43  Zergling x4  
  54  5:44  Zergling x2  
  54  5:45  Zergling x2  
  58  5:53  Spine Crawler  
  58  5:54  Zergling x2  
  58  5:55  Zergling x4  
  59  6:08  Overlord x4  
  47  6:19  Zergling x14  
  52  6:28  Zergling x2  
  52  6:29  Zergling x6  
  52  6:40  Queen  
  52  6:43  Centrifugal Hooks  
  54  6:47  Overseer  
  54  6:50  Drone x5, Evolution Chamber x2  
  54  6:53  Drone  
  54  6:54  Drone  
  59  6:55  Drone  
  59  6:59  Queen  
  62  7:03  Zergling x2  
  62  7:07  Queen  
  65  7:14  Drone x3  
  65  7:15  Drone x2  
  70  7:19  Overseer  
  70  7:23  Zerg Melee Weapons Level 1  
  69  7:40  Zergling x2, Spore Crawler  
  69  7:41  Zergling x20  
  71  8:10  Spire  
  70  8:22  Zerg Ground Armor Level 1  
  70  8:24  Drone  
  70  8:26  Drone x4  
  75  8:30  Hatchery  
  74  8:36  Baneling x10  
  74  8:37  Baneling x5  
  74  8:50  Hatchery  
  74  8:53  Overlord  
  74  8:54  Overlord  
  73  8:57  Overlord  
  73  9:03  Drone x8  
  73  9:04  Drone  
  81  9:10  Zergling x2  
  81  9:11  Zergling x2  
  81  9:13  Pneumatized Carapace  
  83  9:21  Drone x6  
  89  9:25  Overlord  
  89  9:30  Extractor  
  88  9:32  Drone, Extractor  
  88  9:48  Overlord  
  88  9:50  Overlord  
  88  9:51  Overseer  
  88  9:53  Overseer  
  87  10:05  Zerg Flyer Weapons Level 1  
  87  10:06  Extractor  
  84  10:09  Extractor  
  70  10:23  Drone  
  70  10:24  Drone x3  
  70  10:25  Drone x2  
  70  10:26  Drone x7  
  83  10:32  Drone, Queen  
  83  10:34  Hatchery  
  84  10:43  Zergling x6  
  84  10:44  Zergling x4  
  84  10:48  Zerg Melee Weapons Level 2  
  89  10:50  Overlord x3  
  89  11:04  Overlord  
  89  11:05  Overlord  
  89  11:09  Mutalisk x3  
  95  11:19  Mutalisk  
  95  11:20  Mutalisk x5  
  104  11:42  Mutalisk  
  104  11:43  Mutalisk x6  
  118  11:49  Zerg Ground Armor Level 2  
  118  11:50  Queen  
  118  11:52  Drone x6  
  126  11:59  Spore Crawler  
  125  12:03  Zergling x2  
  125  12:04  Zergling x16  
  134  12:13  Zerg Flyer Weapons Level 2  
  134  12:18  Zergling x8  
  134  12:22  Baneling x10  
  138  12:23  Baneling x13  
  138  12:32  Mutalisk  
  138  12:33  Corruptor x3  
  140  12:45  Corruptor x3  
  140  12:46  Corruptor  
  140  12:47  Zergling x2  
  140  12:48  Zergling x4  
  122  13:24  Zergling x2  
  122  13:25  Zergling x40  
  122  13:26  Zergling x6  
  146  13:41  Zergling x2  
  146  13:42  Zergling x6  
  149  13:52  Zergling x2  
  149  13:53  Zergling x8  
  154  14:02  Mutalisk x5  
  128  14:27  Mutalisk  
  128  14:28  Mutalisk x9  
  148  14:38  Zergling x10  
  149  14:39  Zergling x20  
  149  14:44  Baneling  
  149  14:45  Baneling x17  
Tags
 
Add a new tag
Caveats
  • Supply blocks, unpowered buildings, or Contaminate may cause inaccurate times.
  • Supply counts are checked every 10 seconds.